[ PARTIDA AOE2 · #506097069 ]
UnrankedTurcos vs Wei
Equipo del jugador · DERR
Equipo rival · VICT
[ ANÁLISIS DE REPETICIÓN · EXTRAÍDO DE LA PARTIDA GRABADA ]
Feudal
—
Castillos
—
Imperial
—
| APM promedio | 36.2 |
| APM pico | 78 |
| eAPM promedio | 14.5 |
| Aldeanos / militares | 70 / 61 |
Foco
⚔️ 28.5% · 🌾 71.5%
Scout Cavalry ×35 · Camel Scout ×24 · Bombard Cannon ×2
Feudal
—
Castillos
—
Imperial
—
| APM promedio | 31.4 |
| APM pico | 59 |
| eAPM promedio | 18.1 |
| Aldeanos / militares | 96 / 5 |
Foco
⚔️ 30.3% · 🌾 69.7%
Unknown (1949) ×38 · Unknown (1944) ×16 · Spearman ×5
Mapa de la partida
Recursos iniciales + cada clic de construcción. Líneas = muros · curvas = relieve. ◆ oro · ⬟ piedra · ● bayas · ✦ reliquia · ◌ hueco del cierre
Tu base· Abierta — flanco sin cerrar
Base de zeke.hodges000· Abierta — flanco sin cerrar
Terreno inicial suavizado · ◌ = hueco del cierre detectado · pasá el cursor para detalles
Inputs por minuto
— fidelon33 - - zeke.hodges000
Build order — fidelon33
Primeras 150 de 212 acciones detectadas
| 0:01 | Encolar | Villager (Male) |
| 0:01 | Encolar | Villager (Male) |
| 0:01 | Encolar | Villager (Male) |
| 0:02 | Encolar | Villager (Male) |
| 0:02 | Encolar | Villager (Male) |
| 0:03 | Construir | House |
| 0:05 | Construir | House |
| 1:22 | Encolar | Villager (Male) |
| 1:22 | Encolar | Villager (Male) |
| 2:00 | Encolar | Villager (Male) |
| 2:01 | Encolar | Villager (Male) |
| 2:12 | Construir | Lumber Camp |
| 2:16 | Encolar | Villager (Male) |
| 2:16 | Encolar | Villager (Male) |
| 2:53 | Encolar | Villager (Male) |
| 2:53 | Encolar | Villager (Male) |
| 2:54 | Encolar | Villager (Male) |
| 3:09 | Encolar | Villager (Male) |
| 3:10 | Encolar | Villager (Male) |
| 3:10 | Encolar | Villager (Male) |
| 3:37 | Encolar | Villager (Male) |
| 3:37 | Encolar | Villager (Male) |
| 3:37 | Encolar | Villager (Male) |
| 3:52 | Construir | House |
| 3:54 | Construir | House |
| 4:01 | Construir | House |
| 4:02 | Encolar | Villager (Male) |
| 4:03 | Encolar | Villager (Male) |
| 4:03 | Encolar | Villager (Male) |
| 4:40 | Encolar | Villager (Male) |
| 4:40 | Encolar | Villager (Male) |
| 4:40 | Encolar | Villager (Male) |
| 4:40 | Encolar | Villager (Male) |
| 5:02 | Encolar | Villager (Male) |
| 5:02 | Encolar | Villager (Male) |
| 5:02 | Encolar | Villager (Male) |
| 5:49 | Encolar | Villager (Male) |
| 5:50 | Encolar | Villager (Male) |
| 6:04 | Encolar | Villager (Male) |
| 6:05 | Encolar | Villager (Male) |
| 6:55 | Encolar | Villager (Male) |
| 7:02 | Investigar | Loom |
| 7:20 | Construir | Mill |
| 7:35 | Construir | Mill |
| 7:41 | Construir | Lumber Camp |
| 7:58 | Investigar | Feudal Age |
| 8:45 | Construir | Barracks |
| 8:55 | Construir | House |
| 9:41 | Encolar | Villager (Male) |
| 9:41 | Encolar | Villager (Male) |
| 10:14 | Construir | Stable |
| 10:41 | Encolar | Villager (Male) |
| 10:44 | Investigar | Double-Bit Axe |
| 10:45 | Investigar | Horse Collar |
| 10:50 | Construir | House |
| 10:51 | Construir | House |
| 11:03 | Encolar | Scout Cavalry |
| 11:05 | Encolar | Scout Cavalry |
| 11:18 | Construir | Farm |
| 11:21 | Construir | Farm |
| 11:23 | Construir | Farm |
| 11:24 | Construir | Farm |
| 11:45 | Construir | House |
| 11:46 | Encolar | Villager (Male) |
| 11:47 | Encolar | Villager (Male) |
| 12:04 | Encolar | Villager (Male) |
| 12:26 | Construir | Farm |
| 12:29 | Construir | Farm |
| 12:33 | Encolar | Scout Cavalry |
| 13:00 | Encolar | Villager (Male) |
| 13:00 | Encolar | Villager (Male) |
| 13:03 | Construir | Farm |
| 13:04 | Construir | Farm |
| 13:05 | Encolar | Villager (Male) |
| 13:09 | Construir | Farm |
| 13:54 | Encolar | Villager (Male) |
| 14:34 | Encolar | Villager (Male) |
| 14:38 | Construir | Farm |
| 14:39 | Construir | Farm |
| 14:40 | Construir | Farm |
| 14:41 | Encolar | Villager (Male) |
| 14:47 | Construir | Farm |
| 15:05 | Construir | Mining Camp |
| 15:09 | Encolar | Villager (Male) |
| 15:30 | Encolar | Scout Cavalry |
| 15:30 | Encolar | Scout Cavalry |
| 15:33 | Encolar | Villager (Male) |
| 15:40 | Investigar | Town Watch |
| 15:52 | Construir | Blacksmith |
| 15:56 | Construir | House |
| 16:37 | Encolar | Villager (Male) |
| 16:47 | Construir | Palisade Gate |
| 16:51 | Construir | House |
| 16:52 | Investigar | Castle Age |
| 16:59 | Construir | House |
| 17:27 | Investigar | Forging |
| 17:44 | Construir | Palisade Wall |
| 18:00 | Construir | Mining Camp |
| 18:51 | Construir | Palisade Wall |
| 18:57 | Encolar | Scout Cavalry |
| 19:14 | Construir | Palisade Gate |
| 19:18 | Encolar | Villager (Male) |
| 19:19 | Encolar | Villager (Male) |
| 19:47 | Investigar | Bow Saw |
| 19:49 | Investigar | Heavy Plow |
| 19:57 | Construir | Farm |
| 20:10 | Construir | Farm |
| 20:14 | Construir | Farm |
| 21:08 | Construir | Stable |
| 21:11 | Investigar | Husbandry |
| 21:11 | Investigar | Bloodlines |
| 21:13 | Encolar | Camel Scout |
| 21:13 | Encolar | Camel Scout |
| 21:18 | Encolar | Villager (Male) |
| 21:19 | Encolar | Villager (Male) |
| 21:53 | Investigar | Scale Barding Armor |
| 21:54 | Investigar | Iron Casting |
| 22:13 | Encolar | Villager (Male) |
| 22:14 | Encolar | Villager (Male) |
| 22:24 | Construir | Gate |
| 22:28 | Construir | Stone Wall |
| 22:33 | Encolar | Villager (Male) |
| 22:39 | Encolar | Camel Scout |
| 22:39 | Encolar | Camel Scout |
| 23:03 | Encolar | Villager (Male) |
| 23:03 | Encolar | Villager (Male) |
| 23:03 | Encolar | Villager (Male) |
| 23:10 | Construir | Farm |
| 23:14 | Construir | Farm |
| 23:18 | Construir | Farm |
| 23:20 | Encolar | Villager (Male) |
| 23:23 | Encolar | Camel Scout |
| 23:23 | Encolar | Camel Scout |
| 23:23 | Encolar | Camel Scout |
| 23:23 | Encolar | Camel Scout |
| 23:24 | Encolar | Camel Scout |
| 23:24 | Encolar | Camel Scout |
| 23:47 | Encolar | Camel Scout |
| 23:47 | Encolar | Camel Scout |
| 24:07 | Encolar | Villager (Male) |
| 24:08 | Encolar | Villager (Male) |
| 24:10 | Investigar | Gold Mining |
| 24:19 | Construir | Farm |
| 24:20 | Construir | Farm |
| 24:21 | Construir | Farm |
| 24:22 | Construir | Farm |
| 24:24 | Construir | Farm |
| 24:25 | Construir | Farm |
| 24:27 | Construir | Farm |
| 24:29 | Construir | Farm |
Build order — zeke.hodges000
Primeras 150 de 305 acciones detectadas
| 0:00 | Encolar | Villager (Male) ×4 |
| 0:01 | Encolar | Villager (Male) |
| 0:03 | Construir | House |
| 0:06 | Construir | House |
| 1:36 | Encolar | Villager (Male) |
| 1:36 | Encolar | Villager (Male) |
| 2:07 | Encolar | Villager (Male) |
| 2:07 | Encolar | Villager (Male) |
| 2:14 | Encolar | Villager (Male) |
| 2:14 | Encolar | Villager (Male) |
| 2:40 | Encolar | Villager (Male) |
| 2:55 | Construir | Lumber Camp |
| 3:20 | Encolar | Villager (Male) |
| 3:21 | Encolar | Villager (Male) |
| 3:39 | Encolar | Villager (Male) |
| 3:43 | Construir | House |
| 3:45 | Encolar | Villager (Male) |
| 3:45 | Encolar | Villager (Male) |
| 4:21 | Encolar | Villager (Male) |
| 4:21 | Encolar | Villager (Male) |
| 4:30 | Encolar | Villager (Male) |
| 4:56 | Encolar | Villager (Male) |
| 5:10 | Encolar | Villager (Male) |
| 5:17 | Construir | House |
| 5:19 | Construir | House |
| 5:57 | Construir | Mill |
| 6:06 | Encolar | Villager (Male) |
| 6:21 | Encolar | Villager (Male) |
| 6:45 | Investigar | Loom |
| 7:23 | Investigar | Feudal Age |
| 7:56 | Construir | Palisade Wall |
| 8:14 | Construir | Palisade Wall |
| 8:20 | Construir | Palisade Wall |
| 8:45 | Construir | Palisade Wall |
| 9:00 | Construir | Barracks |
| 9:10 | Construir | Barracks |
| 9:22 | Construir | Palisade Wall |
| 9:40 | Construir | Farm |
| 9:42 | Construir | Farm |
| 9:44 | Encolar | Villager (Male) |
| 9:45 | Investigar | Double-Bit Axe |
| 9:49 | Investigar | Horse Collar |
| 9:52 | Encolar | Villager (Male) |
| 10:08 | Encolar | Villager (Male) |
| 10:19 | Construir | Mill |
| 10:20 | Encolar | Villager (Male) |
| 10:35 | Construir | Farm |
| 10:35 | Construir | Farm |
| 10:35 | Construir | Farm |
| 10:35 | Construir | Farm |
| 10:35 | Construir | Farm |
| 10:36 | Construir | Farm |
| 10:36 | Construir | Farm |
| 10:36 | Construir | Farm |
| 10:36 | Construir | Farm |
| 10:37 | Construir | Farm |
| 10:56 | Construir | Farm |
| 11:03 | Construir | Farm |
| 11:24 | Construir | House |
| 11:25 | Construir | House |
| 11:27 | Investigar | Wheelbarrow |
| 11:39 | Encolar | Spearman |
| 11:39 | Encolar | Spearman |
| 11:43 | Construir | Farm |
| 11:44 | Construir | Farm |
| 11:44 | Construir | Farm |
| 11:44 | Construir | Farm |
| 11:44 | Construir | Farm |
| 12:05 | Construir | Farm |
| 12:24 | Encolar | Spearman |
| 12:29 | Construir | House |
| 12:44 | Encolar | Villager (Male) |
| 12:46 | Construir | Farm |
| 12:50 | Encolar | Villager (Male) |
| 13:06 | Construir | Market |
| 13:12 | Encolar | Villager (Male) |
| 13:22 | Encolar | Spearman |
| 13:52 | Encolar | Villager (Male) |
| 14:08 | Encolar | Villager (Male) |
| 14:10 | Construir | Farm |
| 14:11 | Construir | Farm |
| 14:13 | Construir | Farm |
| 14:13 | Encolar | Villager (Male) |
| 14:18 | Construir | House |
| 14:22 | Construir | Palisade Wall |
| 14:31 | Encolar | Villager (Male) |
| 14:33 | Construir | Mining Camp |
| 14:41 | Construir | House |
| 14:44 | Construir | House |
| 15:20 | Construir | Blacksmith |
| 15:27 | Encolar | Villager (Male) |
| 15:48 | Encolar | Villager (Male) |
| 15:51 | Investigar | Gold Mining |
| 16:13 | Encolar | Villager (Male) |
| 16:38 | Encolar | Spearman |
| 16:57 | Construir | Stable |
| 17:00 | Investigar | Castle Age |
| 17:13 | Investigar | Scale Barding Armor |
| 17:23 | Construir | House |
| 17:46 | Construir | Stable |
| 17:53 | Construir | Lumber Camp |
| 18:30 | Construir | Farm |
| 18:32 | Construir | Farm |
| 18:33 | Construir | Farm |
| 18:41 | Construir | Palisade Wall |
| 18:46 | Investigar | Stone Mining |
| 18:48 | Investigar | Bloodlines |
| 18:50 | Investigar | Forging |
| 18:59 | Construir | Mining Camp |
| 19:18 | Construir | Mining Camp |
| 19:42 | Construir | Palisade Wall |
| 19:44 | Investigar | Bow Saw |
| 19:53 | Construir | Palisade Wall |
| 19:56 | Encolar | Villager (Male) |
| 20:00 | Encolar | Unit 1944 |
| 20:00 | Encolar | Unit 1944 |
| 20:02 | Encolar | Unit 1944 |
| 20:06 | Encolar | Unit 1944 |
| 20:34 | Construir | Farm |
| 20:38 | Investigar | Heavy Plow |
| 20:49 | Encolar | Unit 1944 |
| 20:50 | Investigar | Husbandry |
| 20:53 | Construir | Farm |
| 21:01 | Construir | House |
| 21:02 | Construir | House |
| 21:03 | Encolar | Villager (Male) |
| 21:04 | Encolar | Villager (Male) |
| 21:11 | Encolar | Villager (Male) |
| 21:15 | Construir | House |
| 21:17 | Construir | House |
| 21:19 | Construir | House |
| 21:33 | Construir | House |
| 21:35 | Encolar | Villager (Male) |
| 21:43 | Construir | Monastery |
| 21:47 | Encolar | Villager (Male) |
| 21:51 | Encolar | Unit 1944 |
| 21:51 | Encolar | Unit 1944 |
| 22:12 | Construir | Farm |
| 22:15 | Encolar | Unit 1944 |
| 22:15 | Encolar | Unit 1944 |
| 22:33 | Encolar | Villager (Male) |
| 22:36 | Encolar | Unit 1944 |
| 22:43 | Construir | House |
| 22:46 | Encolar | Villager (Male) |
| 23:03 | Construir | House |
| 23:05 | Construir | Farm |
| 23:08 | Construir | House |
| 23:09 | Encolar | Villager (Male) |
| 23:11 | Encolar | Unit 1944 |
| 23:11 | Encolar | Unit 1944 |
Cronología de la partida
| 7:56 | zeke.hodges000 · wall_segment Palisade Wall x1 |
| 8:14 | zeke.hodges000 · wall_segment Palisade Wall x4 |
| 8:20 | zeke.hodges000 · wall_segment Palisade Wall x4 |
| 8:45 | fidelon33 · first_building Barracks |
| 8:45 | zeke.hodges000 · wall_segment Palisade Wall x3 |
| 9:00 | zeke.hodges000 · first_building Barracks |
| 9:22 | zeke.hodges000 · wall_segment Palisade Wall x1 |
| 10:14 | fidelon33 · first_building Stable |
| 14:22 | zeke.hodges000 · wall_segment Palisade Wall x6 |
| 16:57 | zeke.hodges000 · first_building Stable |
| 17:44 | fidelon33 · wall_segment Palisade Wall x28 |
| 18:41 | zeke.hodges000 · wall_segment Palisade Wall x5 |
| 18:51 | fidelon33 · wall_segment Palisade Wall x9 |
| 19:42 | zeke.hodges000 · wall_segment Palisade Wall x2 |
| 19:53 | zeke.hodges000 · wall_segment Palisade Wall x9 |
| 21:43 | zeke.hodges000 · first_building Monastery |
| 22:28 | fidelon33 · wall_segment Stone Wall x2 |
| 25:31 | zeke.hodges000 · first_building Castle |
| 25:52 | fidelon33 · first_building Castle |
| 31:52 | fidelon33 · first_building Siege Workshop |
| 36:44 | fidelon33 · resign |
[ ANÁLISIS IA · 1 CRÉDITO ]
¿Qué pasó realmente en esta partida?
Wolo.gg analiza cada decisión: build order, eco, micro, errores típicos por bracket. Análisis personalizado por WhatsApp o Discord en 30 segundos.
Guía civ
Turcos
Perfil
fidelon33